 Dungeon Crawl Stone Soup version 0.17-a0-989-gada8a91 (console) character file.

100 Monkaria the Slasher (level 4, -3/35 HPs)
             Began as a Demonspawn Chaos Knight on May 12, 2015.
             Slain by Sigmund the killer bee (4 damage)
             ... on level 2 of the Dungeon.
             The game lasted 00:01:53 (1062 turns).

Monkaria the Slasher (Demonspawn Chaos Knight)      Turns: 1062, Time: 00:01:54

Health: -3/35      AC:  6    Str: 14    XL:     4   Next: 47%
Magic:  4/4        EV: 11    Int: 13    God:    Xom [...*..]
Gold:   71         SH:  0    Dex: 12    Spells: 0 memorised, 3 levels left

rFire  . . .     SeeInvis .     a - +0 falchion (chaos)
rCold  . . .     Clarity  .     b - +2 leather armour
rNeg   . . .     SustAb   .     (no shield)
rPois  .         Gourm    .     (helmet restricted)
rElec  .         Spirit   .     (no cloak)
rCorr  .         Warding  .     (no gloves)
rMut   .         Stasis   .     (no boots)
MR     .....                    (no amulet)
Stlth  +.........               (no ring)
                                (no ring)

@: lethally poisoned (-3 -> -8), very slightly contaminated, invisible, not
resistant to hostile enchantments, very unstealthy
A: antennae 1, icy blue scales 1
a: Renounce Religion


You were on level 2 of the Dungeon.
You worshipped Xom.
You were a favourite toy of Xom.
You were not hungry.

You visited 1 branch of the dungeon, and saw 2 of its levels.

You collected 71 gold pieces.

Inventory:

Hand weapons
 a - a +0 falchion of chaos (weapon)
Armour
 b - a +2 leather armour (worn)
Scrolls
 d - a scroll of immolation {unknown}
 e - a scroll of fear {unknown}
 g - a scroll of random uselessness {unknown}
 h - 2 scrolls of remove curse {unknown}
 i - a scroll of enchant armour {unknown}
 j - 3 scrolls of identify {unknown}
 l - a scroll of recharging {unknown}
Comestibles
 c - 2 bread rations
 f - a meat ration
 k - 2 chunks of flesh


   Skills:
 - Level 3.1 Fighting
 - Level 4.1 Long Blades
 + Level 2.8 Armour
 - Level 0.8 Dodging


You had 3 spell levels left.
You didn't know any spells.

Dungeon Overview and Level Annotations

Branches:
Dungeon (2/15)

Altars:

Annotations:
D:2 Sigmund


Innate Abilities, Weirdness & Mutations

You have a pair of small antennae on your head.
You are partially covered in icy blue scales (AC +1).


Message History

You feel sick. The adder barely misses you.
You closely miss the adder.
The adder is almost dead. "Let's see if it's strong enough to survive yet."
Sigmund's scythe dances into the air!
The adder bites you.
* * * LOW HITPOINT WARNING * * *
The adder closely misses you.
You feel sick. "Hum-dee-hum-dee-hum..."
Sigmund evaporates and reforms as a killer bee!
You are now a favourite toy of Xom.
Something hits Sigmund!
The adder bites you.
* * * LOW HITPOINT WARNING * * *
You are more poisoned.
The adder poisons you!
* * * LOW HITPOINT WARNING * * *
You feel sick.
* * * LOW HITPOINT WARNING * * *
You feel sick. Sigmund stings you.
You die...

##.##...
######.##.#######
................>.
########.#.#####.# ##
#####...#####.##..
.................
#######..#####.#####.#
#.รท#.y..........
##.#@###.#####.
#...#{......#
#...#.#y###.#
#...#...[.....#
#.#.###.##.#### .....
... .. ...#..##.# ##
....+...... ....
.#.#.#


You could see Sigmund the killer bee.

Vanquished Creatures
  Jessica (D:2)
  An adder (D:2)
  2 giant geckos (D:1)
  2 bats (D:1)
  2 hobgoblins
  4 jackals (D:1)
  4 kobolds
  2 giant cockroaches (D:1)
  2 giant newts (D:1)
  5 goblins
  5 rats
30 creatures vanquished.

Vanquished Creatures (collateral kills)
  Terence (D:2)
  An adder (D:2)
  3 gnolls (D:2)
  A goblin (D:2)
6 creatures vanquished.

Grand Total: 36 creatures vanquished

Notes
Turn   | Place    | Note
--------------------------------------------------------------
     0 | D:1      | Monkaria the Demonspawn Chaos Knight began the quest for the Orb.
     0 | D:1      | Reached XP level 1. HP: 18/18 MP: 1/1
   162 | D:1      | Gained mutation: You have a pair of small antennae on your head. [demonic ancestry]
   162 | D:1      | Reached XP level 2. HP: 24/24 MP: 2/2
   187 | D:1      | XOM: harmless Divn miscast
   329 | D:1      | XOM: divination: magic mapping
   657 | D:2      | Noticed Jessica
   663 | D:2      | Killed Jessica
   663 | D:2      | Reached skill level 4 in Long Blades
   663 | D:2      | Reached XP level 3. HP: 20/29 MP: 3/3
   761 | D:2      | Noticed Terence
   764 | D:2      | XOM: harmless Trmt miscast
   797 | D:2      | Killed Terence
   799 | D:2      | Gained mutation: You are partially covered in icy blue scales (AC +1). [demonic ancestry]
   799 | D:2      | Reached XP level 4. HP: 20/35 MP: 4/4
  1030 | D:2      | XOM: silly message
  1040 | D:2      | Noticed Sigmund
  1059 | D:2      | Noticed Sigmund
  1059 | D:2      | Sigmund changed into Sigmund the killer bee
  1059 | D:2      | XOM: polymorph Sigmund -> Sigmund the killer bee
  1062 | D:2      | HP: 1/35 [poisoned by an adder]
  1062 | D:2      | Slain by Sigmund the killer bee

Vault maps used:
D:1:      minmay_arrival_plants_in_alcoves, st_stairs_4, minmay_circled_x
D:2:      first_bread, minmay_cupped, uniq_terence, uniq_sigmund, uniq_jessica

Action                   |  1- 3 |  4- 6 || total
-------------------------+-------+-------++-------
Melee: Falchion          |    83 |    24 ||   107
  Use: Potion            |       |     1 ||     1
  Eat: Chunk             |       |     1 ||     1
